 Dungeon Crawl Stone Soup version 0.29.1-13-g9f3cf754e1 (webtiles) character file.

Game seed: 17911276179817797693

20 cheesebisquit the Cutter (level 2, 0/22 HPs)
             Began as a Merfolk Gladiator on Jan 21, 2023.
             Frozen to death by an endoplasm (4 damage)
             ... on level 1 of the Dungeon.
             The game lasted 00:02:01 (1245 turns).

cheesebisquit the Cutter (Merfolk Gladiator)        Turns: 1245, Time: 00:02:01

Health: 0/22       AC:  4    Str: 14    XL:     2   Next: 79%
Magic:  2/2        EV: 13    Int:  7    God:
Gold:   51         SH:  0    Dex: 15    Spells: 1/1 levels left

rFire   . . .      SeeInvis .   a - +0 rapier
rCold   . . .      Faith    .   (no shield)
rNeg    . . .      Spirit   .   b - +0 leather armour
rPois   .          Reflect  .   c - +0 helmet
rElec   .          Harm     .   (no cloak)
rCorr   .          Rampage  .   (no gloves)
Will    .....                   (no boots)
Stlth   +.........              (no amulet)
HPRegen 0.07/turn               (no ring)
MPRegen 0.08/turn               (no ring)

@: no status effects
A: (nimble swimmer 2), mertail
a: no special abilities


You were on level 1 of the Dungeon.
You visited 1 branch of the dungeon, and saw 2 of its levels.

You collected 51 gold pieces.

Inventory:

Hand Weapons
 a - a +0 rapier (weapon)
Missiles
 d - 2 throwing nets (quivered)
 e - a javelin
Armour
 b - a +0 leather armour (worn)
 c - a +0 helmet (worn)
Scrolls
 h - 2 scrolls of poison {unknown}
 i - a scroll of noise {unknown}
 j - a scroll of teleportation {unknown}
 k - a scroll of identify {unknown}
 m - a scroll of summoning {unknown}
 o - a scroll of immolation {unknown}
Potions
 f - a potion of attraction {unknown}
 g - a potion of heal wounds {unknown}
 l - a potion of might {unknown}
 n - a potion of mutation {unknown}
 p - a potion of curing {unknown}


   Skills:
 - Level 2.1 Fighting
 + Level 4.8 Short Blades
 - Level 2.0 Throwing
 - Level 4.0 Dodging


You had one spell level left.
You didn't know any spells.
Your spell library was empty.

Dungeon Overview and Level Annotations

Branches:
Dungeon (2/15)

Altars:


Innate Abilities, Weirdness & Mutations

((You are very nimble when in or above water. (Stealth+, EV+, Speed+++)))
Your lower body shifts to a powerful aquatic tail in water.


Message History

You are frozen.
You barely miss the dart slug.
The endoplasm hits you but does no damage.
The dart slug bites you.
You hit the dart slug.
The dart slug is moderately wounded.
The endoplasm freezes you.
You are frozen.
You hit the dart slug.
The dart slug is moderately wounded.
The dart slug closely misses you. The endoplasm freezes you.
You are frozen.
You hit the dart slug.
The dart slug is severely wounded.
The endoplasm hits you.
You hit the dart slug.
The dart slug is severely wounded.
The dart slug barely misses you. The endoplasm freezes you.
You are frozen.
You hit the dart slug but do no damage.
The dart slug is severely wounded.
The dart slug launches a dart at you. The slug dart misses you.
The endoplasm closely misses you.
Found 11 gold pieces.
There is a stone staircase leading up here.
The endoplasm barely misses you.
You climb upwards.
There is a stone staircase leading down here.
You hit the endoplasm but do no damage. The endoplasm freezes you.
You are frozen.
* * * LOW HITPOINT WARNING * * *
You hit the endoplasm.
The endoplasm is moderately wounded.
The endoplasm freezes you.
You are frozen.
You die...

#.# #.# ###########
#.# ######[### #.# #.#
#........# #.#
#.#####.####.#.#######
#.#
#....................#
#.#
#######.####..######.#
#.## # #.# #..# #.#
#... ##### #.#
#..######.# ###. ....#
#.####...J@....# #.
.#### #......#######.#
#. .# ######## #.# #.
.# ### #. .# #. .# ##
##


You could see an endoplasm.

Vanquished Creatures
  A dart slug (D:1)
  2 ball pythons
  A bat (D:1)
  2 endoplasms (D:2)
  A giant cockroach (D:1)
  2 goblins (D:1)
  2 hobgoblins
  A kobold (D:1)
  A quokka (D:1)
  A frilled lizard (D:2)
  2 rats
16 creatures vanquished.

Notes
Turn   | Place    | Note
-------+----------+-------------------------------------------
     0 | D:1      | cheesebisquit the Merfolk Gladiator began the quest for the
                  | Orb.
     0 | D:1      | Reached XP level 1. HP: 16/16 MP: 1/1
   245 | D:1      | Reached XP level 2. HP: 16/22 MP: 2/2
  1153 | D:2      | Found a faded altar of an unknown god.
  1245 | D:1      | Frozen to death by an endoplasm

Illustrated notes

Levels and vault maps discovered:
D:1:      psy_arrival_statuary, layout_basic, serial_glass, glass_columns_a,
          glass_columns_c, glass_columns_a, glass_columns_b, glass_columns_c,
          glass_columns_a
D:2:      layout_basic, ebering_ecumenical_altar_sacrificial,
          minmay_close_crescents

Skill      XL: |  1 |
---------------+----+-----
Short Blades   | 4 |  4.8
Fighting       | |  2.1
Throwing       | |  2.0
Dodging        | |  4.0

Action                   || total
-------------------------++-------
Melee: Rapier            ||    54
Throw: Throwing net      ||     1
 Stab: Sleeping          ||     2
Armor: Leather armour    ||    11
Dodge: Dodged            ||    27
